 Dungeon Crawl Stone Soup version 0.30.0-5-g1a98f26d00 (webtiles) character file.

Game seed: 7516926792847719862

64 hawla the Firebug (level 4, -1/34 HPs)
             Began as a Meteoran Fire Elementalist on May 12, 2023.
             Slain by Pikel
             ... wielding a +1 whip of flaming
              (2 damage)
             ... on level 3 of the Dungeon.
             The game lasted 00:06:12 (685 turns).

hawla the Firebug (Meteoran Fire Elementalist)       Turns: 685, Time: 00:06:12

Health: -1/34      AC:  3    Str:  9    XL:     4   Next: 58%
Magic:  1/10       EV: 13    Int: 18    God:
Gold:   57         SH:  0    Dex: 15    Spells: 3/10 levels left

rFire   . . .        g - staff of poison
rCold   . . .        (no shield)
rNeg    . . .        a - +1 robe
rPois   +            (no helmet)
rElec   .            (no cloak)
rCorr   .            (no gloves)
SInv    .            (no boots)
Will    .....        (no amulet)
Stlth   +            (no ring)
HPRegen 0.25/turn    (no ring)
MPRegen 0.12/turn

%: no passive effects
@: glowing
A: sense surroundings 1, otherworldly, glowing, explore regen
a: no special abilities


You were on level 3 of the Dungeon.
You visited 1 branch of the dungeon, and saw 4 of its levels.

You collected 57 gold pieces.

Inventory:

Armour
 a - a +1 robe (worn)
Magical Staves
 g - a staff of poison (weapon)
Jewellery
 e - a ring of wizardry
Scrolls
 f - a scroll of vulnerability


   Skills:
 - Level 0.4 Fighting
 - Level 2.9 Dodging
 - Level 1.4 Stealth
 - Level 3.5 Spellcasting
 + Level 2.7 Conjurations
 - Level 4.2 Fire Magic


You had 3 spell levels left.
You knew the following spells:

 Your Spells              Type           Power      Damage    Failure   Level
a - Foxfire               Conj/Fire      60%        2x1d7     3%          1
b - Scorch                Fire           36%        2d7       4%          2
c - Flame Wave            Conj/Fire      15%        2d7       36%         4

Your spell library contained the following spells:

 Spells                   Type           Power      Damage    Failure   Level
 Inner Flame              Hex/Fire       10%        N/A       19%         3
 Volatile Blastmotes      Fire/Tloc      20%        2d11      19%         3


Dungeon Overview and Level Annotations

Branches:
Dungeon (4/15) Zot: 1713
 Temple: D:4-7

Altars:
Wu Jian

Annotations:
D:2 Robin
D:3 Pikel


Innate Abilities, Weirdness & Mutations

You passively map a small area around you.
You are easily found by Zot.
You glow in the dark.
You regain HP and MP as you explore.


Message History

Pikel is no longer more vulnerable to fire.
Pikel misses you.
Pikel says, "Hell isn't that bad."
Pikel hits you with a +1 whip of flaming.
Pikel burns you. Pikel attacks as you move away! Pikel closely misses you.
A hobgoblin comes into view.
Found 10 gold pieces.
The hobgoblin hits you. The hobgoblin closely misses you.
Casting: Scorch (safe; 4% risk of failure)
Confirm with . or Enter, or press ? or * to list all spells.
The spell is extremely dangerous to miscast (36% risk of failure)!
Continue anyway?
Casting: Flame Wave (extremely dangerous; 36% risk of failure)
Press: ? - help, Dir - look around, f - activate A wave of flame ripples out!
The flame wave engulfs the hobgoblin.
The hobgoblin is almost dead.
The flame wave engulfs Pikel.
Pikel resists.
Pikel is lightly wounded. (Press . to intensify the flame waves.)
The hobgoblin hits you. Pikel closely misses you.
A wave of flame ripples out!
The flame wave engulfs the hobgoblin.
You kill the hobgoblin!
The flame wave engulfs Pikel but does no damage.
Pikel is lightly wounded.
Pikel hits you with a +1 whip of flaming!
Pikel burns you.
* * * LOW HITPOINT WARNING * * *
You aren't carrying any potions.
Unknown command.
Pikel attacks as you move away! Pikel completely misses you.
Pikel attacks as you move away!
Pikel hits you with a +1 whip of flaming.
* * * LOW HITPOINT WARNING * * *
Pikel burns you.
* * * LOW HITPOINT WARNING * * *
You see here 10 gold pieces.
You now have 57 gold pieces (gained 10).
Pikel hits you with a +1 whip of flaming.
You die...

#########
#.......#
#.......# *
#.....@.#
#.....K.#
#.......# ,
#.......#
#.....†.# ,...
###+##..# ####....
#..########.......
~~
+...........##....
, ,
###...>(..........


You could see Pikel.

Vanquished Creatures
  A lemure (D:4)
  4 orcs (D:3)
  5 endoplasms
  A giant cockroach (D:1)
  7 hobgoblins
  A jackal (D:1)
  A quokka (D:3)
  4 ball pythons
  6 bats
  2 frilled lizards
  11 goblins
  8 kobolds
  5 rats
56 creatures vanquished.

Vanquished Creatures (collateral kills)
  A foxfire (D:1)
1 creature vanquished.

Vanquished Creatures (others)
  107 foxfires
107 creatures vanquished.

Grand Total: 164 creatures vanquished

Notes
Turn   | Place    | Note
-------+----------+-------------------------------------------
     0 | D:1      | hawla the Meteoran Fire Elementalist began the quest for
                  | the Orb.
     0 | D:1      | Reached XP level 1. HP: 14/14 MP: 5/5
    46 | D:1      | Reached XP level 2. HP: 20/20 MP: 1/6
   107 | D:1      | Reached skill level 4 in Fire Magic
   113 | D:1      | Learned a level 2 spell: Scorch
   232 | D:1      | Reached XP level 3. HP: 26/26 MP: 3/8
   500 | D:1      | Glimpsed the power of Zot.
   528 | D:2      | Noticed Robin
   556 | D:3      | Reached XP level 4. HP: 34/34 MP: 6/10
   561 | D:3      | Learned a level 4 spell: Flame Wave
   621 | D:3      | Found an ornate altar of the Wu Jian Council.
   651 | D:4      | Noticed a lemure
   652 | D:4      | Noticed Pikel
   656 | D:4      | Noticed a lemure
   657 | D:4      | Noticed a lemure
   658 | D:4      | Killed a lemure
   659 | D:4      | Noticed a lemure
   683 | D:3      | HP: 1/34 [Pikel/+1 whip of flaming (1)]
   685 | D:3      | Slain by Pikel

Illustrated notes

Levels and vault maps discovered:
D:1:      minmay_arrival_plants_in_alcoves, layout_loops_corners, minmay_unequal
D:2:      layout_basic, ebering_ecumenical_altar_hall, uniq_robin, uniq_sigmund
D:3:      layout_rooms, mainiacjoe_overflow_tiny_flanked, ebering_ghost_sewer_d,
          kennysheep_doodads, grunt_ministairs_6, minmay_liquid_box,
          kennysheep_generic_room_9
D:4:      layout_loops_ring, zin_angel, uniq_crazy_yiuf_cottage, uniq_pikel

Skill      XL: |  1  2  3  4 |
---------------+-------------+-----
Fire Magic     | 4 |  4.2
Spellcasting   | 3 |  3.5
Conjurations   | 2 |  2.7
Fighting       | |  0.4
Dodging        | |  2.9
Stealth        | |  1.4

Action                     |  1- 3 |  4- 6 || total
---------------------------+-------+-------++-------
  Melee: Unarmed           |    14 |       ||    14
         Staff             |     2 |     2 ||     4
         Punch             |     1 |       ||     1
   Cast: Foxfire           |    50 |    16 ||    66
         Scorch            |     4 |     6 ||    10
         Flame Wave        |       |     2 ||     2
    Use: Potion            |     2 |       ||     2
         Scroll            |       |     2 ||     2
 Armour: Robe              |    13 |       ||    13
  Dodge: Dodged            |    33 |     9 ||    42
